 Dungeon Crawl Stone Soup version 0.29.0-4-gdea44cf6ec (webtiles) character file.

Game seed: 8399397779021397607

19811 qw the Severer (level 12, -2/73 HPs)
             Began as a Tengu Warper on Aug 28, 2022.
             Was a High Priest of Okawaru.
             Slain by Sonja
             ... wielding a +2 dagger of distortion
              (9 damage)
             ... on level 2 of the Lair of Beasts.
             The game lasted 00:01:43 (14845 turns).

qw the Severer (Tengu Warper)                      Turns: 14845, Time: 00:01:44

Health: -2/73      AC: 28    Str: 16    XL:     12   Next: 72%
Magic:  14/19      EV: 10    Int: 13    God:    Okawaru [*****.]
Gold:   637        SH: 11    Dex: 15    Spells: 15/15 levels left

rFire   . . .      SeeInvis .   Y - +0 broad axe (drain)
rCold   . . .      Faith    .   k - +0 buckler
rNeg    . . .      Spirit   .   t - +3 plate armour
rPois   .          Reflect  +   n - +2 hat
rElec   .          Harm     .   g - scarf {repulsion}
rCorr   .          Rampage  .   e - +2 pair of gloves
Will    .....                   (boots unavailable)
Stlth   ..........              i - amulet of reflection
HPRegen 0.22/turn               m - +4 ring of protection
MPRegen 0.16/turn               r - +4 ring of slaying {mikee}

@: lethally poisoned (-2 -> -23), about to teleport, heroic, finesse-ful, flying
quickly and evasively, slowed, repel missiles, very slow
A: beak, talons 3, nimble flight
a: Renounce Religion, Heroism, Finesse, Duel


You were on level 2 of the Lair of Beasts.
You worshipped Okawaru.
Okawaru was extremely pleased with you.
You visited 3 branches of the dungeon, and saw 14 of its levels.

You collected 878 gold pieces.
You spent 241 gold pieces at shops.


Innate Abilities, Weirdness & Mutations

You have a beak for a mouth.
You have claws for feet.
Your magical nature lets you fly swiftly and evasively.


   Skills:
 - Level 8.0(13.0) Fighting
 + Level 15.1(20.1) Axes
 - Level 2.0(7.0) Throwing
 - Level 8.0(13.0) Armour
 - Level 4.0(9.0) Dodging
 - Level 4.7(9.7) Shields
 - Level 2.0 Spellcasting
 - Level 2.4 Translocations
 + Level 8.7 Invocations


You had 15 spell levels left.
You didn't know any spells.
Your spell library contained the following spells:

 Spells                   Type           Power      Damage    Failure   Level
 Blink                    Tloc           14%        N/A       99%         2
 Gell's Gravitas          Tloc           7%         N/A       100%        3
 Lesser Beckoning         Tloc           7%         N/A       100%        3
 Teleport Other           Tloc           7%         N/A       100%        3
 Manifold Assault         Tloc           7%         N/A       100%        5

Inventory:

Hand Weapons
 p - a +0 demon whip of venom
 Y - a +0 broad axe of draining (weapon)
Armour
 e - a +2 pair of gloves (worn)
 f - a +0 cloak
 g - a scarf of repulsion (worn)
 k - a +0 buckler (worn)
 n - a +2 hat (worn)
 t - a +3 plate armour (worn)
Jewellery
 i - an amulet of reflection (around neck)
 j - an amulet of faith
 l - a ring of fire
 m - a +4 ring of protection (left hand)
 r - a +4 ring of slaying (right hand) {mikee}
 u - a ring of fire
Scrolls
 a - 8 scrolls of teleportation
 d - 2 scrolls of identify
Potions
 b - 5 potions of might
 c - a potion of mutation
 h - 7 potions of heal wounds
 o - 6 potions of curing
 q - 2 potions of cancellation
 s - a potion of haste

Dungeon Overview and Level Annotations

Branches:
Dungeon (11/15)            Temple (1/1) D:5            Lair (2/5) D:11
    Orc (0/2) D:9
  Swamp: Lair:2-3    Shoals: Lair:2-3     Snake: Lair:2-3    Spider: Lair:2-3

Altars:
Ashenzari
Cheibriados
Dithmenos
Elyvilon
Fedhas
Gozag
Hepliaklqana
Kikubaaqudgha
Makhleb
Nemelex Xobeh
Okawaru
Qazlal
Ru
Sif Muna
Trog
Uskayaw
Vehumet
Wu Jian
Xom
Yredelemnul
Zin
The Shining One

Shops:
D:3 *   D:7 (   D:9 !

Annotations:
D:10 2 transporters
Lair:2 Sonja


Message History

Sonja shouts, "Hah!
Missed me again!"
Sonja throws a curare-tipped dart.
The curare-tipped dart barely misses you.
Sonja throws a curare-tipped dart.
You reflect the curare-tipped dart off an invisible shield around you!
The curare-tipped dart closely misses Sonja.
You feel very sick.
Sonja gestures wildly while chanting.
Sonja blinks!
You feel very sick.
Sonja throws a curare-tipped dart.
You reflect the curare-tipped dart off an invisible shield around you!
The curare-tipped dart misses Sonja.
You feel sick.
Sonja throws a curare-tipped dart.
The curare-tipped dart completely misses you.
14842 ||| INVOKING Heroism.
You gain the combat prowess of a mighty hero.
You feel sick.
Sonja throws a curare-tipped dart.
The curare-tipped dart hits you.
You are more poisoned.
You have difficulty breathing.
You feel as though you will be slow longer.
Sonja throws a curare-tipped dart.
You reflect the curare-tipped dart off an invisible shield around you!
The curare-tipped dart misses Sonja.
You feel extremely sick.
You feel very sick.
Sonja throws a curare-tipped dart.
You reflect the curare-tipped dart off an invisible shield around you!
The curare-tipped dart barely misses Sonja.
Sonja throws a curare-tipped dart.
The curare-tipped dart hits you.
You are lethally poisoned!
You have difficulty breathing.
You feel as though you will be slow longer.
14845 ||| READING 9 scrolls of teleportation.
As you read the scroll of teleportation, it crumbles to dust.
You feel strangely unstable.
You feel extremely sick.
Sonja hits you with a +2 dagger of distortion!
You die...

... .##.~~~~.......... ..#
....... #.~~~~~.........
.. .......
#~~~~~~~~....PP(
...........~~~~~~.......
...........~~~~~~.......
.........#..<~~~~~~.......
..............~~~~~.......
.........KP..~~~~~..)#....
.#.....#.@....~~~~........
#..............~........P.
#.....................#..
#..................##..#
##...<........#.....#...
##.##..............#... ##
##........P.##.....
##....P#....#.....
#P.##.##..........


You could see Sonja.

Vanquished Creatures
  Harold (D:10)
  A hydra (D:11)
  A two-headed ogre (D:10)
  Amaemon (Lair:1)
  A manticore (D:11)
  2 ugly things (D:11)
  Joseph (D:10)
  An orange demon (Lair:1)
  5 cane toads
  2 gargoyles
  2 rime drakes (D:11)
  2 komodo dragons (Lair:1)
  2 trolls
  Grinder (D:6)
  A slime creature (D:9)
  2 shadows (D:9)
  2 wraiths
  27 yaks
  A basilisk (Lair:2)
  A steam dragon (D:8)
  8 vampire mosquitoes (D:11)
  2 acid dragons (D:9)
  10 water moccasins
  5 orc warriors
  A sky beast (D:8)
  2 ice beasts
  9 wolves (Lair:2)
  2 ogres
  3 centaurs
  A phantom (D:9)
  2 kobold brigands
  4 bullfrogs
  2 gnoll sergeants (D:10)
  2 necrophages
  2 scorpions
  3 wights (D:6)
  2 troll zombies (D:9)
  11 killer bees
  3 howler monkeys
  3 jellies
  A gnoll bouda (D:5)
  13 orc priests
  2 hounds
  2 iguanas
  8 orc wizards
  6 ogre zombies (D:9)
  A hound skeleton (D:4)
  Robin (D:4)
  7 adders
  14 gnolls
  3 white imps
  2 worms
  40 orcs
  8 ball pythons
  6 bats
  14 endoplasms
  2 giant cockroaches
  21 goblins
  8 hobgoblins
  9 jackals
  19 kobolds
  4 quokkas
  11 frilled lizards
  A goblin skeleton (D:9)
  A goblin zombie (D:9)
  2 hobgoblin zombies (D:9)
  3 orc skeletons (D:9)
  17 orc zombies (D:9)
  9 rats
369 creatures vanquished.

Vanquished Creatures (others)
  A goblin (D:4)
  6 fungi
  14 plants
  7 toadstools (D:2)
28 creatures vanquished.

Grand Total: 397 creatures vanquished

Notes
Turn   | Place    | Note
-------+----------+-------------------------------------------
     0 | D:1      | qw the Tengu Warper began the quest for the Orb.
     0 | D:1      | Reached XP level 1. HP: 12/12 MP: 4/4
     0 | D:1      | 0 ||| qw: Version: 0.1-a-89-g26bdef1
     0 | D:1      | 0 ||| qw: Game counter: 2089
     0 | D:1      | 0 ||| qw: Always use a shield: true
     0 | D:1      | 0 ||| qw: God list: Okawaru
     0 | D:1      | 0 ||| qw: Allow faded altars: false
     0 | D:1      | 0 ||| qw: Do Orc after D:15 true
     0 | D:1      | 0 ||| qw: Do second Lair branch before Depths: true
     0 | D:1      | 0 ||| qw: Lair rune preference: random
     0 | D:1      | 0 ||| qw: Plans: Normal
     0 | D:1      | 0 ||| PLANNING D:1-11
   123 | D:1      | Found a faded altar of an unknown god.
   170 | D:1      | Reached XP level 2. HP: 17/17 MP: 6/6
   183 | D:1      | Reached skill level 3 in Axes
   670 | D:1      | 670 ||| Stepping ~*~*~tactically~*~*~ (stealth).
   677 | D:1      | HP: 4/17 [frozen (5)]
  1031 | D:1      | Reached XP level 3. HP: 15/21 MP: 7/7
  1187 | D:1      | Reached skill level 4 in Axes
  1338 | D:1      | 1338 ||| SWAPPING to +3 hand axe.
  1339 | D:1      | 1339 ||| DROPPING +0 hand axe.
  1404 | D:1      | 1404 ||| UPGRADING to +0 cloak.
  1409 | D:1      | 1409 ||| UPGRADING to scarf of repulsion.
  1419 | D:1      | 1419 ||| UPGRADING to +0 scale mail.
  1429 | D:1      | 1429 ||| DROPPING +0 leather armour.
  1430 | D:1      | 1430 ||| UPGRADING to amulet of reflection.
  1435 | D:1      | 1435 ||| READING scroll labelled OCYSO BIDGHAUSTRE.
  1436 | D:1      | 1436 ||| READING scroll labelled YDIOTE DONUI.
  1437 | D:1      | 1437 ||| READING scroll labelled CENKUCZEMA.
  1438 | D:1      | 1438 ||| DRINKING 2 green potions.
  1439 | D:1      | 1439 ||| DROPPING scroll of blinking.
  1458 | D:2      | 1458 ||| STAIRDANCE
  1716 | D:2      | 1716 ||| Stepping ~*~*~tactically~*~*~ (stealth).
  1718 | D:2      | 1718 ||| Stepping ~*~*~tactically~*~*~ (stealth).
  1836 | D:2      | 1836 ||| Stepping ~*~*~tactically~*~*~ (stealth).
  1954 | D:2      | 1954 ||| Stepping ~*~*~tactically~*~*~ (stealth).
  1955 | D:2      | 1955 ||| Stepping ~*~*~tactically~*~*~ (stealth).
  1957 | D:2      | Reached XP level 4. HP: 26/26 MP: 8/8
  1963 | D:2      | 1963 ||| FLEEEEING.
  1965 | D:2      | 1965 ||| FLEEEEING.
  1966 | D:2      | 1966 ||| FLEEEEING.
  1967 | D:2      | 1967 ||| FLEEEEING.
  1968 | D:2      | 1968 ||| FLEEEEING.
  1969 | D:2      | 1969 ||| FLEEEEING.
  1970 | D:2      | 1970 ||| FLEEEEING.
  1971 | D:2      | 1971 ||| FLEEEEING.
  1972 | D:2      | 1972 ||| FLEEEEING.
  1973 | D:2      | 1973 ||| FLEEEEING.
  1974 | D:2      | 1974 ||| FLEEEEING.
  1975 | D:2      | 1975 ||| STAIRDANCE
  2017 | D:1      | 2017 ||| READING 2 scrolls labelled XYROUPRUUTY.
  2020 | D:1      | 2020 ||| READING scroll labelled EVOTEH MEEHUA.
  2021 | D:1      | 2021 ||| DRINKING 2 grey potions.
  2022 | D:1      | 2022 ||| READING 2 scrolls of identify.
  2022 | D:1      | 2022 ||| IDENTIFYING red potion
  2023 | D:1      | 2023 ||| DROPPING potion of attraction.
  2286 | D:2      | 2286 ||| FLEEEEING.
  2287 | D:2      | 2287 ||| FLEEEEING.
  2288 | D:2      | 2288 ||| FLEEEEING.
  2289 | D:2      | 2289 ||| FLEEEEING.
  2293 | D:2      | 2293 ||| FLEEEEING.
  2294 | D:2      | 2294 ||| FLEEEEING.
  2295 | D:2      | 2295 ||| FLEEEEING.
  2299 | D:2      | 2299 ||| FLEEEEING.
  2303 | D:2      | 2303 ||| FLEEEEING.
  2304 | D:2      | 2304 ||| FLEEEEING.
  2305 | D:2      | 2305 ||| FLEEEEING.
  2306 | D:2      | 2306 ||| FLEEEEING.
  2307 | D:2      | 2307 ||| FLEEEEING.
  2308 | D:2      | 2308 ||| FLEEEEING.
  2309 | D:2      | 2309 ||| FLEEEEING.
  2310 | D:2      | 2310 ||| FLEEEEING.
  2311 | D:2      | 2311 ||| FLEEEEING.
  2312 | D:2      | 2312 ||| FLEEEEING.
  2313 | D:2      | 2313 ||| FLEEEEING.
  2314 | D:2      | 2314 ||| FLEEEEING.
  2315 | D:2      | 2315 ||| FLEEEEING.
  2316 | D:2      | 2316 ||| FLEEEEING.
  2317 | D:2      | 2317 ||| FLEEEEING.
  2321 | D:2      | 2321 ||| FLEEEEING.
  2323 | D:2      | 2323 ||| STAIRDANCE
  2469 | D:2      | 2469 ||| Stepping ~*~*~tactically~*~*~ (stealth).
  2485 | D:2      | Reached skill level 5 in Axes
  2485 | D:2      | 2485 ||| FLEEEEING.
  2486 | D:2      | 2486 ||| FLEEEEING.
  2487 | D:2      | 2487 ||| FLEEEEING.
  2488 | D:2      | 2488 ||| FLEEEEING.
  2489 | D:2      | 2489 ||| FLEEEEING.
  2490 | D:2      | 2490 ||| FLEEEEING.
  2492 | D:2      | 2492 ||| FLEEEEING.
  2493 | D:2      | 2493 ||| FLEEEEING.
  2494 | D:2      | 2494 ||| FLEEEEING.
  2495 | D:2      | 2495 ||| FLEEEEING.
  2496 | D:2      | 2496 ||| FLEEEEING.
  2497 | D:2      | 2497 ||| FLEEEEING.
  2498 | D:2      | 2498 ||| FLEEEEING.
  2499 | D:2      | 2499 ||| FLEEEEING.
  2500 | D:2      | 2500 ||| FLEEEEING.
  2501 | D:2      | 2501 ||| FLEEEEING.
  2502 | D:2      | 2502 ||| FLEEEEING.
  2503 | D:2      | 2503 ||| FLEEEEING.
  2504 | D:2      | 2504 ||| FLEEEEING.
  2505 | D:2      | 2505 ||| FLEEEEING.
  2506 | D:2      | 2506 ||| FLEEEEING.
  2507 | D:2      | 2507 ||| FLEEEEING.
  2508 | D:2      | 2508 ||| FLEEEEING.
  2509 | D:2      | 2509 ||| STAIRDANCE
  2755 | D:2      | Gained mutation: Your magical nature lets you fly swiftly
                  | and evasively. [Tengu growth]
  2755 | D:2      | Reached XP level 5. HP: 21/30 MP: 9/9
  2882 | D:2      | 2882 ||| UPGRADING to +2 scale mail of poison resistance.
  2892 | D:2      | 2892 ||| DROPPING +0 scale mail.
  2941 | D:3      | Found Nuemmeme's Assorted Antiques.
  2956 | D:3      | Noticed an ice beast
  2972 | D:3      | Killed an ice beast
  2973 | D:3      | Reached skill level 6 in Axes
  2973 | D:3      | Reached XP level 6. HP: 26/35 MP: 10/10
  3056 | D:3      | 3056 ||| BUYING 2 sedimented sapphire potions (36 gold).
  3056 | D:3      | Bought 2 sedimented sapphire potions for 36 gold pieces
  3056 | D:3      | 3056 ||| SHOPLISTING potion of heal wounds (100 gold, have
                  | 83).
  3056 | D:3      | 3056 ||| BUYING scroll labelled FOUTYWUME (20 gold).
  3056 | D:3      | Bought a scroll labelled FOUTYWUME for 20 gold pieces
  3056 | D:3      | 3056 ||| BUYING scroll labelled JEV GORUBB (20 gold).
  3056 | D:3      | Bought a scroll labelled JEV GORUBB for 20 gold pieces
  3072 | D:3      | 3072 ||| Stepping ~*~*~tactically~*~*~ (stealth).
  3106 | D:3      | Reached skill level 7 in Axes
  3124 | D:3      | 3124 ||| Stepping ~*~*~tactically~*~*~ (stealth).
  3135 | D:3      | 3135 ||| Stepping ~*~*~tactically~*~*~ (stealth).
  3137 | D:3      | 3137 ||| Stepping ~*~*~tactically~*~*~ (stealth).
  3138 | D:3      | 3138 ||| Stepping ~*~*~tactically~*~*~ (stealth).
  3245 | D:3      | 3245 ||| Stepping ~*~*~tactically~*~*~ (stealth).
  3320 | D:3      | Noticed a +0 dagger
  3322 | D:3      | Noticed a +0 hand axe
  3324 | D:3      | Found a hide-covered altar of Uskayaw.
  3636 | D:3      | 3636 ||| UPGRADING to +6 ring of dexterity.
  3637 | D:3      | 3637 ||| UPGRADING to +4 ring of slaying {mikee}.
  3638 | D:3      | 3638 ||| READING 2 scrolls labelled FOUTYWUME.
  3639 | D:3      | 3639 ||| READING scroll labelled JEV GORUBB.
  3740 | D:3      | 3740 ||| READING 2 scrolls labelled LIXKEP FIFU.
  3741 | D:3      | 3741 ||| DRINKING 2 sedimented sapphire potions.
  3742 | D:3      | 3742 ||| DROPPING potion of invisibility.
  3743 | D:3      | 3743 ||| DROPPING scroll of poison.
  3809 | D:4      | Found a glowing silver altar of Zin.
  3811 | D:4      | Found a white marble altar of Elyvilon.
  3814 | D:4      | Found a glowing golden altar of the Shining One.
  3869 | D:4      | 3869 ||| Stepping ~*~*~tactically~*~*~ (stealth).
  3870 | D:4      | 3870 ||| Stepping ~*~*~tactically~*~*~ (stealth).
  4106 | D:4      | Found a burning altar of Makhleb.
  4121 | D:4      | Reached skill level 3 in Fighting
  4228 | D:4      | 4228 ||| Stepping ~*~*~tactically~*~*~ (stealth).
  4231 | D:4      | 4231 ||| Stepping ~*~*~tactically~*~*~ (stealth).
  4233 | D:4      | 4233 ||| Stepping ~*~*~tactically~*~*~ (stealth).
  4241 | D:4      | 4241 ||| Stepping ~*~*~tactically~*~*~ (hiding).
  4244 | D:4      | Noticed Robin
  4257 | D:4      | Killed Robin
  4696 | D:4      | 4696 ||| Stepping ~*~*~tactically~*~*~ (stealth).
  4742 | D:4      | 4742 ||| UPGRADING to +0 plate armour.
  4752 | D:4      | 4752 ||| DROPPING +2 scale mail of poison resistance.
  4753 | D:4      | 4753 ||| READING scroll of enchant armour.
  4753 | D:4      | 4753 ||| ENCHANTING +0 plate armour.
  4754 | D:4      | 4754 ||| READING scroll labelled KOCEUB WI DISO.
  4755 | D:4      | 4755 ||| DRINKING 2 yellow potions.
  4756 | D:4      | 4756 ||| DRINKING 2 lumpy orange potions.
  4757 | D:4      | 4757 ||| DRINKING 2 amethyst potions.
  4758 | D:4      | 4758 ||| READING 4 scrolls of identify.
  4758 | D:4      | 4758 ||| IDENTIFYING brown potion
  4759 | D:4      | 4759 ||| READING 3 scrolls of identify.
  4759 | D:4      | 4759 ||| IDENTIFYING sedimented silvery potion
  4760 | D:4      | 4760 ||| READING 2 scrolls of identify.
  4760 | D:4      | 4760 ||| IDENTIFYING puce potion
  4761 | D:4      | 4761 ||| DROPPING potion of magic.
  4762 | D:4      | 4762 ||| DROPPING potion of degeneration.
  4763 | D:4      | 4763 ||| DROPPING potion of ambrosia.
  4815 | D:5      | Entered Level 5 of the Dungeon
  4868 | D:5      | 4868 ||| Stepping ~*~*~tactically~*~*~ (hiding).
  4873 | D:5      | Reached XP level 7. HP: 41/41 MP: 11/11
  4978 | D:5      | 4978 ||| Stepping ~*~*~tactically~*~*~ (hiding).
  4997 | D:5      | 4997 ||| DROPPING +2 vorpal mace.
  5075 | D:5      | Reached skill level 3 in Armour
  5438 | D:5      | 5438 ||| Stepping ~*~*~tactically~*~*~ (stealth).
  5440 | D:5      | 5440 ||| Stepping ~*~*~tactically~*~*~ (stealth).
  5455 | D:5      | Reached skill level 8 in Axes
  5455 | D:5      | 5455 ||| Stepping ~*~*~tactically~*~*~ (stealth).
  5463 | D:5      | 5463 ||| FLEEEEING.
  5527 | D:5      | Reached XP level 8. HP: 33/46 MP: 12/12
  5721 | D:5      | 5721 ||| FLEEEEING.
  5722 | D:5      | 5722 ||| FLEEEEING.
  5723 | D:5      | 5723 ||| FLEEEEING.
  5724 | D:5      | 5724 ||| FLEEEEING.
  5857 | D:5      | Found a staircase to the Ecumenical Temple.
  5858 | D:5      | 5858 ||| PLANNING TEMPLE
  5858 | D:5      | 5858 ||| UPGRADING to +0 pair of gloves.
  5863 | D:5      | 5863 ||| UPGRADING to +6 ring of strength.
  5865 | D:5      | 5865 ||| DROPPING +6 ring of dexterity.
  5875 | Temple   | Entered the Ecumenical Temple
  5964 | Temple   | 5964 ||| PLANNING D:1-11
  5976 | D:5      | 5976 ||| Stepping ~*~*~tactically~*~*~ (hiding).
  6101 | D:5      | Reached skill level 9 in Axes
  6228 | D:6      | Noticed Grinder
  6229 | D:6      | 6229 ||| Stepping ~*~*~tactically~*~*~ (hiding).
  6230 | D:6      | 6230 ||| Stepping ~*~*~tactically~*~*~ (hiding).
  6235 | D:6      | Paralysed by Grinder for 5 turns
  6251 | D:6      | Killed Grinder
  6251 | D:6      | HP: 5/46 [iguana (8)]
  6252 | D:6      | 6252 ||| READING 8 scrolls of teleportation.
  6253 | D:6      | 6253 ||| DRINKING 4 potions of heal wounds.
  6527 | D:6      | Reached skill level 10 in Axes
  6628 | D:6      | Reached skill level 3 in Dodging
  6631 | D:6      | 6631 ||| DRINKING 2 potions of curing.
  6631 | D:6      | 6631 ||| (to cure confusion)
  6649 | D:6      | 6649 ||| Stepping ~*~*~tactically~*~*~ (stealth).
  6652 | D:6      | 6652 ||| Stepping ~*~*~tactically~*~*~ (stealth).
  6655 | D:6      | 6655 ||| Stepping ~*~*~tactically~*~*~ (stealth).
  6656 | D:6      | 6656 ||| FLEEEEING.
  6660 | D:6      | 6660 ||| FLEEEEING.
  6661 | D:6      | 6661 ||| FLEEEEING.
  6662 | D:6      | 6662 ||| FLEEEEING.
  6663 | D:6      | 6663 ||| FLEEEEING.
  6664 | D:6      | 6664 ||| FLEEEEING.
  6665 | D:6      | 6665 ||| FLEEEEING.
  6667 | D:6      | 6667 ||| Stepping ~*~*~tactically~*~*~ (hiding).
  6834 | D:6      | Reached XP level 9. HP: 54/54 MP: 13/13
  6836 | D:6      | 6836 ||| DROPPING +1 flail of protection.
  6950 | D:6      | 6950 ||| READING 3 scrolls of identify.
  6950 | D:6      | 6950 ||| IDENTIFYING pink potion
  6951 | D:6      | 6951 ||| DROPPING potion of brilliance.
  6963 | D:7      | Found a broken altar of Ashenzari.
  7158 | D:7      | 7158 ||| Stepping ~*~*~tactically~*~*~ (stealth).
  7191 | D:7      | Found Tatoruve's Weapon Shoppe.
  7329 | D:7      | Found a snail-covered altar of Cheibriados.
  7449 | D:7      | Found an iron altar of Okawaru.
  7453 | D:7      | Became a worshipper of Warmaster Okawaru
  7513 | D:7      | Reached skill level 11 in Axes
  7650 | D:7      | 7650 ||| SWAPPING to +0 war axe.
  7651 | D:7      | 7651 ||| DROPPING +3 hand axe.
  7799 | D:7      | 7799 ||| READING 2 scrolls labelled ABUIH NETHRA.
  7800 | D:7      | 7800 ||| READING scroll labelled USTREI EM MIP.
  7801 | D:7      | 7801 ||| DROPPING scroll of noise.
  7860 | D:8      | 7860 ||| Stepping ~*~*~tactically~*~*~ (hiding).
  7970 | D:8      | 7970 ||| READING scroll of enchant weapon.
  7970 | D:8      | 7970 ||| ENCHANTING +1 war axe.
  8241 | D:8      | 8241 ||| Stepping ~*~*~tactically~*~*~ (stealth).
  8258 | D:8      | 8258 ||| Stepping ~*~*~tactically~*~*~ (stealth).
  8259 | D:8      | 8259 ||| Stepping ~*~*~tactically~*~*~ (stealth).
  8264 | D:8      | 8264 ||| Stepping ~*~*~tactically~*~*~ (stealth).
  8433 | D:8      | 8433 ||| READING scroll of enchant armour.
  8433 | D:8      | 8433 ||| ENCHANTING +0 pair of gloves.
  8596 | D:8      | 8596 ||| Stepping ~*~*~tactically~*~*~ (hiding).
  8628 | D:8      | 8628 ||| Stepping ~*~*~tactically~*~*~ (stealth).
  8735 | D:8      | Reached skill level 12 in Axes
  8771 | D:8      | Reached * piety under Okawaru
  8875 | D:8      | 8875 ||| DROPPING +3 chain mail.
  8876 | D:8      | 8876 ||| UPGRADING to +4 ring of protection.
  8878 | D:8      | 8878 ||| DROPPING +6 ring of strength.
  8900 | D:9      | Reached skill level 1 in Invocations
  8900 | D:9      | 8900 ||| FLEEEEING.
  8901 | D:9      | 8901 ||| Stepping ~*~*~tactically~*~*~ (hiding).
  8902 | D:9      | 8902 ||| FLEEEEING.
  8903 | D:9      | 8903 ||| Stepping ~*~*~tactically~*~*~ (hiding).
  8904 | D:9      | 8904 ||| FLEEEEING.
  8908 | D:9      | 8908 ||| INVOKING Heroism.
  8923 | D:9      | 8923 ||| INVOKING Heroism.
  8928 | D:9      | 8928 ||| Stepping ~*~*~tactically~*~*~ (stealth).
  8943 | D:9      | 8943 ||| INVOKING Heroism.
  8948 | D:9      | Reached skill level 6 in Armour
  8948 | D:9      | Reached XP level 10. HP: 32/59 MP: 11/14
  9030 | D:9      | 9030 ||| FLEEEEING.
  9035 | D:9      | Reached skill level 3 in Invocations
  9039 | D:9      | 9039 ||| STAIRDANCE
  9093 | D:9      | 9093 ||| Stepping ~*~*~tactically~*~*~ (stealth).
  9099 | D:9      | 9099 ||| Stepping ~*~*~tactically~*~*~ (stealth).
  9106 | D:9      | 9106 ||| Stepping ~*~*~tactically~*~*~ (stealth).
  9135 | D:9      | 9135 ||| STAIRDANCE
  9140 | D:9      | 9140 ||| INVOKING Heroism.
  9141 | D:9      | 9141 ||| Stepping ~*~*~tactically~*~*~ (stealth).
  9144 | D:9      | 9144 ||| Stepping ~*~*~tactically~*~*~ (stealth).
  9146 | D:9      | 9146 ||| Stepping ~*~*~tactically~*~*~ (hiding).
  9150 | D:9      | Reached skill level 6 in Fighting
  9150 | D:9      | 9150 ||| Stepping ~*~*~tactically~*~*~ (hiding).
  9161 | D:9      | 9161 ||| INVOKING Heroism.
  9168 | D:9      | 9168 ||| Stepping ~*~*~tactically~*~*~ (stealth).
  9184 | D:9      | Found a staircase to the Orcish Mines.
  9285 | D:9      | 9285 ||| INVOKING Heroism.
  9344 | D:9      | 9344 ||| INVOKING Heroism.
  9461 | D:9      | 9461 ||| Stepping ~*~*~tactically~*~*~ (stealth).
  9469 | D:9      | 9469 ||| Stepping ~*~*~tactically~*~*~ (stealth).
  9519 | D:9      | 9519 ||| Stepping ~*~*~tactically~*~*~ (stealth).
  9605 | D:9      | 9605 ||| INVOKING Heroism.
  9674 | D:9      | Reached ** piety under Okawaru
  9687 | D:9      | 9687 ||| Stepping ~*~*~tactically~*~*~ (hiding).
  9716 | D:9      | 9716 ||| Stepping ~*~*~tactically~*~*~ (stealth).
  9717 | D:9      | 9717 ||| Stepping ~*~*~tactically~*~*~ (stealth).
  9718 | D:9      | 9718 ||| INVOKING Heroism.
  9722 | D:9      | 9722 ||| Stepping ~*~*~tactically~*~*~ (stealth).
  9727 | D:9      | Reached skill level 13 in Axes
  9949 | D:9      | Found Gedunay's Distillery.
  9956 | D:9      | 9956 ||| BUYING potion of curing (33 gold).
  9956 | D:9      | Bought a potion of curing for 33 gold pieces
  9956 | D:9      | 9956 ||| BUYING potion of curing (33 gold).
  9956 | D:9      | Bought a potion of curing for 33 gold pieces
  9956 | D:9      | 9956 ||| BUYING potion of heal wounds (55 gold).
  9956 | D:9      | Bought a potion of heal wounds for 55 gold pieces
  9956 | D:9      | 9956 ||| BUYING potion of might (44 gold).
  9956 | D:9      | Bought a potion of might for 44 gold pieces
 10046 | D:10     | Entered Level 10 of the Dungeon
 10048 | D:10     | Found an ornate altar of the Wu Jian Council.
 10048 | D:10     | Noticed a green ugly thing
 10048 | D:10     | Noticed a centaur warrior
 10049 | D:10     | Found a sparkling altar of Nemelex Xobeh.
 10049 | D:10     | Noticed a glowing orange brain
 10050 | D:10     | Found a sacrificial altar of Ru.
 10063 | D:10     | 10063 ||| Stepping ~*~*~tactically~*~*~ (stealth).
 10074 | D:10     | 10074 ||| Stepping ~*~*~tactically~*~*~ (stealth).
 10081 | D:10     | 10081 ||| INVOKING Heroism.
 10093 | D:10     | Reached *** piety under Okawaru
 10094 | D:10     | Reached skill level 14 in Axes
 10340 | D:10     | 10340 ||| INVOKING Heroism.
 10402 | D:10     | Noticed Joseph
 10405 | D:10     | 10405 ||| Stepping ~*~*~tactically~*~*~ (hiding).
 10413 | D:10     | Killed Joseph
 10414 | D:10     | Reached XP level 11. HP: 58/66 MP: 15/15
 10529 | D:10     | Found a blossoming altar of Fedhas.
 10530 | D:10     | 10530 ||| INVOKING Heroism.
 10786 | D:10     | 10786 ||| INVOKING Heroism.
 10818 | D:10     | Noticed Harold
 10819 | D:10     | 10819 ||| INVOKING Heroism.
 10827 | D:10     | Killed Harold
 10928 | D:10     | 10928 ||| Stepping ~*~*~tactically~*~*~ (hiding).
 10934 | D:10     | 10934 ||| INVOKING Heroism.
 10983 | D:10     | 10983 ||| READING scroll of enchant armour.
 10983 | D:10     | 10983 ||| ENCHANTING +1 pair of gloves.
 10990 | D:10     | 10990 ||| Stepping ~*~*~tactically~*~*~ (hiding).
 11000 | D:10     | 11000 ||| INVOKING Heroism.
 11026 | D:10     | Found a shimmering blue altar of Sif Muna.
 11155 | D:10     | Found a transporter.
 11163 | D:10     | Found a transporter.
 11173 | D:10     | Reached **** piety under Okawaru
 11241 | D:10     | 11241 ||| UPGRADING to +0 buckler.
 11246 | D:10     | 11246 ||| READING scroll labelled INLULI XEOTO.
 11247 | D:10     | 11247 ||| READING 3 scrolls of identify.
 11247 | D:10     | 11247 ||| IDENTIFYING metallic purple potion
 11285 | D:11     | Noticed a two-headed ogre
 11286 | D:11     | 11286 ||| INVOKING Heroism.
 11290 | D:11     | 11290 ||| STAIRDANCE
 11296 | D:10     | Killed a two-headed ogre
 11297 | D:10     | Reached skill level 1 in Shields
 11494 | D:11     | 11494 ||| STAIRDANCE
 11565 | D:11     | Noticed a five-headed hydra
 11566 | D:11     | 11566 ||| INVOKING Heroism.
 11567 | D:11     | 11567 ||| SWAPPING to +0 morningstar.
 11575 | D:11     | Killed a five-headed hydra
 11576 | D:11     | 11576 ||| SWAPPING to +2 war axe.
 11773 | D:11     | 11773 ||| Stepping ~*~*~tactically~*~*~ (hiding).
 11784 | D:11     | Reached skill level 3 in Shields
 11838 | D:11     | 11838 ||| READING scroll of enchant armour.
 11838 | D:11     | 11838 ||| ENCHANTING +1 plate armour.
 11872 | D:11     | 11872 ||| READING scroll of enchant armour.
 11872 | D:11     | 11872 ||| ENCHANTING +2 plate armour.
 11899 | D:11     | Noticed a manticore
 11900 | D:11     | 11900 ||| Stepping ~*~*~tactically~*~*~ (stealth).
 11903 | D:11     | 11903 ||| Stepping ~*~*~tactically~*~*~ (stealth).
 11906 | D:11     | 11906 ||| INVOKING Heroism.
 11912 | D:11     | Killed a manticore
 11912 | D:11     | Reached ***** piety under Okawaru
 12056 | D:11     | 12056 ||| Stepping ~*~*~tactically~*~*~ (stealth).
 12058 | D:11     | 12058 ||| INVOKING Heroism.
 12069 | D:11     | Received a gift from Okawaru
 12119 | D:11     | 12119 ||| SWAPPING to +0 broad axe of draining.
 12120 | D:11     | 12120 ||| DROPPING +2 war axe.
 12179 | D:11     | 12179 ||| INVOKING Heroism.
 12196 | D:11     | Reached skill level 15 in Axes
 12200 | D:11     | Reached skill level 6 in Invocations
 12323 | D:11     | 12323 ||| FLEEEEING.
 12324 | D:11     | 12324 ||| FLEEEEING.
 12325 | D:11     | 12325 ||| FLEEEEING.
 12326 | D:11     | 12326 ||| FLEEEEING.
 12327 | D:11     | 12327 ||| FLEEEEING.
 12328 | D:11     | 12328 ||| FLEEEEING.
 12329 | D:11     | 12329 ||| FLEEEEING.
 12330 | D:11     | 12330 ||| FLEEEEING.
 12331 | D:11     | 12331 ||| FLEEEEING.
 12338 | D:11     | 12338 ||| STAIRDANCE
 12514 | D:10     | 12514 ||| READING scroll labelled YWNEED ISTROEM.
 12537 | D:11     | 12537 ||| INVOKING Heroism.
 12579 | D:11     | Noticed a green ugly thing
 12592 | D:11     | 12592 ||| INVOKING Heroism.
 12593 | D:11     | Killed a green ugly thing
 12594 | D:11     | Reached XP level 12. HP: 42/72 MP: 14/17
 12859 | D:11     | 12859 ||| INVOKING Heroism.
 13176 | D:11     | 13176 ||| Stepping ~*~*~tactically~*~*~ (stealth).
 13178 | D:11     | 13178 ||| INVOKING Heroism.
 13268 | D:11     | Found a staircase to the Lair.
 13351 | D:11     | 13351 ||| PLANNING LAIR
 13369 | Lair:1   | Entered Level 1 of the Lair of Beasts
 13388 | Lair:1   | You are sucked into a shaft and drop 1 floor!
 13397 | Lair:2   | 13397 ||| Stepping ~*~*~tactically~*~*~ (hiding).
 13564 | Lair:2   | 13564 ||| INVOKING Heroism.
 13684 | Lair:2   | 13684 ||| DROPPING orb of light.
 13685 | Lair:2   | 13685 ||| READING 2 scrolls of identify.
 13685 | Lair:2   | 13685 ||| IDENTIFYING murky black potion
 13686 | Lair:2   | 13686 ||| DROPPING potion of flight.
 13791 | Lair:1   | 13791 ||| Stepping ~*~*~tactically~*~*~ (stealth).
 13808 | Lair:1   | 13808 ||| Stepping ~*~*~tactically~*~*~ (stealth).
 13811 | Lair:1   | 13811 ||| Stepping ~*~*~tactically~*~*~ (stealth).
 13860 | Lair:1   | 13860 ||| INVOKING Heroism.
 13918 | Lair:1   | Noticed Amaemon
 13919 | Lair:1   | 13919 ||| INVOKING Heroism.
 13935 | Lair:1   | Killed Amaemon
 14064 | Lair:1   | 14064 ||| DROPPING +0 morningstar.
 14128 | Lair:1   | 14128 ||| INVOKING Heroism.
 14751 | Lair:1   | 14751 ||| UPGRADING to +2 hat.
 14756 | Lair:1   | 14756 ||| READING scroll labelled PIPAMO XOBUHY.
 14837 | Lair:2   | Noticed Sonja
 14838 | Lair:2   | 14838 ||| INVOKING Finesse.
 14842 | Lair:2   | 14842 ||| INVOKING Heroism.
 14844 | Lair:2   | HP: 16/73 [asphyx]
 14845 | Lair:2   | 14845 ||| READING 9 scrolls of teleportation.
 14845 | Lair:2   | HP: 7/73 [poisoned by Sonja (curare-tipped dart)]
 14845 | Lair:2   | Slain by Sonja

Levels and vault maps discovered:
D:1:      amcnicky_arrival_feature_with_door, layout_basic,
          basic_ecumenical_altar, minmay_lizard_king
D:2:      cheibrodos_fertilizer, layout_basic, supply_closet_lemuel
D:3:      layout_rooms, dancing_weapons_uskayaw, serial_shops,
          nicolae_shop_overgrown_old_shop, minmay_misc_feat_room,
          minmay_misc_feat_chi, minmay_diced_spiral
D:4:      layout_cave_pods, good_gods_temple_1, makhleb_blood_cavern_becter,
          uniq_robin
D:5:      layout_loops_ring, minmay_temple_entry_stoned_glass, corner_web_ring,
          minmay_ogre_servants
D:6:      layout_cave_pools, uniq_grinder
D:7:      layout_basic, nicolae_ashenzari_panopticon,
          mainiacjoe_overflow_chevrons, overflow_temple_1_default, serial_shops,
          shop_fountains
D:8:      layout_basic
D:9:      layout_loops_ring, zombieorc2_lemuel, serial_shops, shop,
          minivault_20, hangedman_abyss_or_decor_stagger
D:10:     layout_loops_ring, fedhas_altar_2, led_sif_pool,
          gammafunk_temple_overflow_arena, uniq_joseph, uniq_harold
D:11:     layout_long_grid, lair_entry_dummy, portal_ice_cave_rime,
          nicolae_eternal_life, lightli_orcish_oven
Temple:   kb_temple_of_zot
Lair:1:   layout_chaotic_city, uniq_amaemon
Lair:2:   layout_cave_shapes, infiniplex_staircase_pool, lemuel_fruit_tree,
          uniq_sonja

Skill      XL: |  1  2  3  4  5  6  7  8  9 10 11 12 |
---------------+-------------------------------------+-----
Axes           | 3 4 5 6 7 8 10 12 14 15 | 15.1
Fighting       | 3 5 6 7 8 |  8.0
Armour         | 3 4 6 7 8 |  8.0
Dodging        | 3 4 |  4.0
Invocations    | 2 4 6 8 |  8.7
Shields        | 4 |  4.7
Throwing       | 2 |  2.0
Spellcasting   | |  2.0
Translocations | |  2.4

Action                   |  1- 3 |  4- 6 |  7- 9 | 10-12 || total
-------------------------+-------+-------+-------+-------++-------
Melee: Hand axe          |   112 |   124 |   151 |       ||   387
       Kick              |    21 |    27 |    67 |   167 ||   282
       Peck              |     8 |    16 |    43 |    88 ||   155
       Punch             |     1 |     1 |     4 |     7 ||    13
       War axe           |       |       |    73 |   229 ||   302
       Broad axe         |       |       |       |   183 ||   183
       Morningstar       |       |       |       |     8 ||     8
Throw: Boomerang         |     7 |       |       |     8 ||    15
Invok: Heroism           |       |       |     3 |    27 ||    30
       Finesse           |       |       |       |     1 ||     1
  Use: Scroll            |     3 |    11 |     6 |     9 ||    29
       Potion            |     1 |     5 |     2 |       ||     8
Armor: Leather armour    |    24 |       |       |       ||    24
       Scale mail        |    17 |    28 |       |       ||    45
       Plate armour      |       |       |    70 |   157 ||   227
Dodge: Dodged            |    49 |    35 |    50 |   116 ||   250
       Repelled          |       |     1 |     3 |       ||     4
Block: Other             |     4 |    16 |    29 |    39 ||    88
       Reflection        |     3 |       |     2 |     8 ||    13
       Buckler           |       |       |       |   107 ||   107

Table legend:
 A = Non-vault XP
 B = Vault XP
 C = Vault XP percentage of total XP
 D = Non-vault monster count
 E = Vault monster count
 F = Vault count percentage of total count
                 A         B        C        D         E       F
            +---------+---------+-------+---------+---------+-------
      Total |   23249 |    5053 |  17.9 |     277 |      92 |  24.9
            +---------+---------+-------+---------+---------+-------
        D:1 |      42 |       7 |  14.3 |      28 |       7 |  20.0
        D:2 |      52 |     115 |  68.9 |      22 |      15 |  40.5
        D:3 |     227 |       1 |   0.4 |      16 |       1 |   5.9
        D:4 |      20 |     133 |  86.9 |      11 |      12 |  52.2
        D:5 |     676 |     131 |  16.2 |      29 |       9 |  23.7
        D:6 |     720 |     272 |  27.4 |      22 |       1 |   4.3
        D:7 |     531 |       0 |   0.0 |      15 |       0 |   0.0
        D:8 |    1122 |       0 |   0.0 |      16 |       0 |   0.0
        D:9 |    2872 |    1108 |  27.8 |      27 |      36 |  57.1
       D:10 |    3429 |    1343 |  28.1 |      27 |       2 |   6.9
       D:11 |    6231 |     760 |  10.9 |      27 |       7 |  20.6
     Lair:1 |    4167 |    1183 |  22.1 |      17 |       2 |  10.5
     Lair:2 |    3160 |       0 |   0.0 |      20 |       0 |   0.0
            +---------+---------+-------+---------+---------+-------
